 Dungeon Crawl Stone Soup version 0.30-a0-1160-g6e42c06551 (webtiles) character file.

Game seed: 17777277787813279492

1047 qeuew the Magician (level 8, -12/41 HPs)
             Began as a Deep Elf Air Elementalist on Apr 25, 2023.
             Was an Initiate of Ashenzari.
             Killed from afar by Dowan (29 damage)
             ... with a shard of ice
             ... on level 4 of the Dungeon.
             The game lasted 00:07:05 (3726 turns).

qeuew the Magician (Deep Elf Air Elementalist)      Turns: 3726, Time: 00:07:06

Health: -12/41     AC:  4    Str:  4    XL:     8   Next: 5%
Magic:  2/21       EV: 15    Int: 22    God:    Ashenzari [......]
Gold:   118        SH:  0    Dex: 19    Spells: 12/22 levels left

rFire   . . .        (no weapon)
rCold   . . .        (no shield)
rNeg    . . .        a - +0 robe
rPois   .            (no helmet)
rElec   .            (no cloak)
rCorr   .            (no gloves)
SInv    .            (no boots)
Will    .....        (no amulet)
Stlth   +++          (no ring)
HPRegen 0.26/turn    (no ring)
MPRegen 0.17/turn

%: no passive effects
@: no status effects
A: iridescent scales 1, agile 1
a: Renounce Religion


You were on level 4 of the Dungeon.
You worshipped Ashenzari.
Ashenzari was noncommittal.
You visited 1 branch of the dungeon, and saw 6 of its levels.

You collected 118 gold pieces.

Inventory:

Armour
 a - a +0 robe (worn)
Scrolls
 b - a scroll of enchant weapon
 d - a scroll of amnesia
Potions
 c - a potion of curing


   Skills:
 + Level 5.2 Dodging
 + Level 5.4 Stealth
 * Level 7.8 Spellcasting
 + Level 4.1 Conjurations
 + Level 4.7 Air Magic


You had 12 spell levels left.
You knew the following spells:

 Your Spells              Type           Power      Damage    Failure   Level
a - Shock                 Conj/Air       100%       1d9       1%          1
b - Static Discharge      Conj/Air       56%        2-5/arc   1%          2
c - Swiftness             Air            29%        N/A       3%          3
d - Airstrike             Air            14%        2d(3-19)  11%         4

Your spell library contained the following spells:

 Spells                   Type           Power      Damage    Failure   Level
 Beastly Appendage        Tmut           16%        N/A       8%          1
 Necrotise                Necr           32%        1d5       8%          1
 Wereblood                Tmut           8%         N/A       12%         2
 Spider Form              Tmut/Pois      8%         N/A       22%         3
 Vampiric Draining        Necr           8%         2d6       22%         3
 Agony                    Necr           8%         N/A       91%         5


Dungeon Overview and Level Annotations

Branches:
Dungeon (6/15)
 Temple: D:4-7

Altars:
Ashenzari

Annotations:
D:4 Dowan


Innate Abilities, Weirdness & Mutations

You are partially covered in iridescent scales. (AC +2)
You are agile. (Dex +4, Str/Int -1)


Message History

Press: ? - help, Q - select action, (/) - cycle Shift-Dir - straight line, f - orc priest
Aim: an orc priest, wielding a +0 hand axe and wearing a +0 ring mail (lightly wounded, 77% to hit)
The zap hits the orc priest.
The orc priest is heavily wounded.
Aiming: Shock (safe; 1% risk of failure)
Press: ? - help, Q - select action, (/) - cycle Shift-Dir - straight line, f/p - orc priest
Aim: an orc priest, wielding a +0 hand axe and wearing a +0 ring mail (heavily wounded, 77% to hit)
The zap hits the orc priest.
The orc priest is almost dead.
Aiming: Shock (safe; 1% risk of failure)
Press: ? - help, Q - select action, (/) - cycle Shift-Dir - straight line, f/p - orc priest
Aim: an orc priest, wielding a +0 hand axe and wearing a +0 ring mail (almost dead, 77% to hit)
The zap hits the orc priest but does no damage.
The orc priest is almost dead.
Dowan seems to find hidden reserves of power!
Casting: Shock (safe; 1% risk of failure)
Confirm with . or Enter, or press ? or * to list all spells.
The spell is quite dangerous to miscast (11% risk of failure)!
Continue anyway?
Okay, then.
Casting: Airstrike (quite dangerous; 11% risk of failure)
Confirm with . or Enter, or press ? or * to list all spells.
The spell is quite dangerous to miscast (11% risk of failure)!
Continue anyway?
Aiming: Airstrike (quite dangerous; 11% risk of failure)
Press: ? - help, Dir - move target, f - Dowan, p - orc priest
Aim: Dowan, wielding a +1 dagger of electrocution and wearing a +0 robe (fast, empty space bonus: 8/8)
The air twists around and strikes Dowan.
Dowan is moderately wounded.
Okay, then.
You hit the orc priest but do no damage.
The orc priest is almost dead.
The orc wizard gestures wildly while chanting.
The orc wizard flickers and vanishes!
Deactivating autopickup; reactivate with Ctrl-A.
The orc priest hits you with a +0 hand axe.
Unknown command.
The orc priest casts a cantrip, but nothing happens.
Dowan casts a spell at you. The shard of ice hits you!!
Ouch! That really hurt!
You die...

...+............>....#+#######
...#...........#.........(....
...............#.###........#.
...............#............#.
............................##
.................)......#'#...
........................#.####
...................!....#.#
.............@.....######.#
............###.......# #.#
............###oe.....# #.#
......!...............# #.#
.............{......... #.####
.###...........)....... #.....
#................... ######
........[..........#
...................#


You could see Dowan (fast).

Vanquished Creatures
  Grinder (D:3)
  Sigmund (D:2)
  Duvessa (D:4)
  An orc warrior (D:6)
  A phantom (D:3)
  A bullfrog (D:6)
  2 orc priests
  2 hounds
  An iguana (D:4)
  Terence (D:3)
  2 adders (D:3)
  10 gnolls
  2 worms (D:2)
  9 orcs
  10 ball pythons
  7 endoplasms
  A giant cockroach (D:2)
  2 goblins
  5 hobgoblins
  4 jackals (D:2)
  4 kobolds
  2 quokkas
  7 bats
  2 frilled lizards (D:2)
  5 rats
84 creatures vanquished.

Notes
Turn   | Place    | Note
-------+----------+-------------------------------------------
     0 | D:1      | qeuew the Deep Elf Air Elementalist began the quest for the
                  | Orb.
     0 | D:1      | Reached XP level 1. HP: 10/10 MP: 6/6
   241 | D:1      | Reached XP level 2. HP: 15/15 MP: 6/8
  1017 | D:1      | Learned a level 2 spell: Static Discharge
  1232 | D:2      | Reached XP level 3. HP: 18/19 MP: 3/10
  1802 | D:2      | Reached skill level 4 in Spellcasting
  1804 | D:2      | Reached XP level 4. HP: 18/24 MP: 6/12
  1857 | D:2      | Noticed Sigmund
  1864 | D:2      | Killed Sigmund
  1865 | D:2      | Reached skill level 5 in Spellcasting
  1865 | D:2      | Reached XP level 5. HP: 28/28 MP: 5/14
  1939 | D:2      | Noticed an eye of devastation
  1940 | D:2      | Found a faded altar of an unknown god.
  2013 | D:2      | Noticed a shining eye
  2013 | D:2      | Noticed an eye of devastation
  2013 | D:2      | Noticed a great orb of eyes
  2244 | D:2      | Gained mutation: You are partially covered in iridescent
                  | scales. (AC +2) [potion of mutation]
  2244 | D:2      | Gained mutation: You are agile. (Dex +4, Str/Int -1)
                  | [potion of mutation]
  2310 | D:3      | Reached XP level 6. HP: 32/32 MP: 7/16
  2548 | D:3      | Reached skill level 6 in Spellcasting
  2799 | D:3      | Noticed Grinder
  2800 | D:3      | Paralysed by Grinder for 5 turns
  2812 | D:3      | Noticed Terence
  2823 | D:3      | Killed Terence
  2954 | D:3      | Paralysed by Grinder for 3 turns
  2963 | D:3      | Killed Grinder
  2964 | D:3      | Reached XP level 7. HP: 33/36 MP: 3/19
  3194 | D:3      | Learned a level 3 spell: Swiftness
  3199 | D:3      | Learned a level 4 spell: Airstrike
  3344 | D:4      | You fall into a shaft and drop 2 floors!
  3344 | D:6      | Found a broken altar of Ashenzari.
  3366 | D:6      | Reached skill level 7 in Spellcasting
  3368 | D:6      | Reached skill level 5 in Stealth
  3372 | D:6      | Became a worshipper of Ashenzari the Shackled
  3528 | D:5      | Entered Level 5 of the Dungeon
  3551 | D:5      | HP: 1/36 [hound (1)]
  3561 | D:4      | Reached skill level 5 in Dodging
  3714 | D:4      | Noticed Dowan
  3715 | D:4      | Noticed Duvessa
  3719 | D:4      | Killed Duvessa
  3720 | D:4      | Reached XP level 8. HP: 18/41 MP: 8/21
  3726 | D:4      | Killed from afar by Dowan

Illustrated notes

Levels and vault maps discovered:
D:1:      minmay_arrival_doors, layout_loops_ring, minmay_misc_feat_rows,
          reono_crystal_passage, minmay_door_square, grunt_decor_arrowhead
D:2:      layout_loops_ring, hellmonk_ecumenical_altar_watching_god,
          minmay_quadrilaterals, uniq_sigmund
D:3:      layout_basic, chequers_serial_rivers_room_a, uniq_grinder,
          uniq_terence
D:4:      layout_basic, minmay_temple_entry_junction, uniq_duvessa, uniq_natasha
D:5:      layout_basic, minivault_23
D:6:      layout_gridville, mainiacjoe_overflow_chevrons,
          nicolae_dithmenos_shadow_blocks, lemuel_tele_altar,
          mainiacjoe_overflow_boulevard

Skill      XL: |  1  2  3  4  5  6  7 |
---------------+----------------------+-----
Stealth        | 3 4 5 |  5.4
Dodging        | 3 4 5 |  5.2
Spellcasting   | 4 5 6 7 |  7.8
Conjurations   | 2 3 4 |  4.1
Air Magic      | 4 |  4.7

Action                     |  1- 3 |  4- 6 |  7- 9 || total
---------------------------+-------+-------+-------++-------
  Melee: Unarmed           |     1 |    25 |     1 ||    27
   Cast: Shock             |    83 |    88 |    37 ||   208
         Static Discharge  |       |       |     9 ||     9
         Airstrike         |       |       |     3 ||     3
         Swiftness         |       |       |     1 ||     1
    Use: Scroll            |     4 |     6 |     1 ||    11
         Potion            |     3 |     1 |     4 ||     8
 Armour: Robe              |     3 |     4 |     6 ||    13
  Dodge: Dodged            |    21 |    34 |    36 ||    91

Table legend: (Time is in decaauts)
 A = Elapsed time spent in this place.
 B = Non-inter-level travel time spent in this place.
 C = Inter-level travel time spent in this place.
 D = Time resting spent in this place.
 E = Time spent auto-exploring this place.
 F = Levels seen in this place.
 G = Mean time per level.
                   A        B        C        D        E       F      G
               +--------+--------+--------+--------+--------+-----+--------+
         Total |   3723 |   3634 |     89 |      0 |   3159 |   6 |  620.5 |
       Dungeon |   3723 |   3634 |     89 |      0 |   3159 |   6 |  620.5 |
               +--------+--------+--------+--------+--------+-----+--------+

Top non-repeatable levels by time:
     D:2: 1238 daAuts
     D:1: 1029 daAuts
     D:3: 964 daAuts
     D:4: 277 daAuts
     D:6: 183 daAuts
     D:5: 29 daAuts
